 Dungeon Crawl Stone Soup version 0.28.0-45-g0d030f2227 (webtiles) character file.

Game seed: 5929772504551933435

786 protoss039 the Skirmisher (level 7, -7/55 (56) HPs)
             Began as a Demonspawn Earth Elementalist on May 28, 2022.
             Mangled by a yak (10 damage)
             ... on level 4 of the Dungeon.
             The game lasted 00:05:26 (3826 turns).

protoss039 the Skirmisher (DsEE)                    Turns: 3826, Time: 00:05:27

HP:   -7/55 (56)    AC:  3    Str:  9    XL:     7   Next: 56%
MP:   12/12         EV: 12    Int: 18    God:
Gold: 164           SH:  0    Dex: 13    Spells: 7/13 levels left

rFire   . . .      SeeInvis .   l - +2 hand axe (venom)
rCold   . . .      Faith    .   (no shield)
rNeg    . . .      Spirit   .   b - +0 robe
rPois   .          Reflect  .   (helmet restricted)
rElec   .          Harm     .   e - +0 cloak
rCorr   .          Rampage  .   (no gloves)
Will    +....                   (no boots)
Stlth   ++........              (no amulet)
HPRegen 0.18/turn               g - ring of willpower
MPRegen 0.13/turn               (no ring)

@: lightly drained
A: horns 1, ignite blood 1, spiny 2, demonic touch 1
a: no special abilities


You were on level 4 of the Dungeon.
You visited 1 branch of the dungeon, and saw 4 of its levels.

You collected 164 gold pieces.

Inventory:

Hand Weapons
 l - a +2 hand axe of venom (weapon)
Missiles
 h - 9 stones
Armour
 b - a +0 robe (worn)
 e - a +0 cloak (worn)
Jewellery
 g - a ring of willpower (left hand)
Scrolls
 c - a scroll of amnesia {unknown}
 d - a scroll of blinking {unknown}
 f - 4 scrolls of identify {unknown}
Potions
 a - 3 potions of curing {unknown}
 i - a potion of cancellation {unknown}
 j - a potion of lignification {unknown}


   Skills:
 * Level 5.0 Fighting
 + Level 2.9 Armour
 - Level 1.7 Dodging
 - Level 1.7 Stealth
 + Level 3.9 Spellcasting
 - Level 2.0 Conjurations
 - Level 1.0 Transmutations
 + Level 4.1 Earth Magic


You had 7 spell levels left.
You knew the following spells:

 Your Spells              Type           Power      Damage    Failure   Level
a - Sandblast             Erth           36%        2d10      2%          1
b - Passwall              Tmut/Erth      10%        N/A       8%          2
c - Stone Arrow           Conj/Erth      28%        3d8       13%         3

Your spell library contained the following spells:

 Spells                   Type           Power      Damage    Failure   Level
 Sting                    Tmut/Pois      20%        1d4       12%         1
 Poisonous Vapours        Pois/Air       6%         N/A       22%         2
 Petrify                  Tmut/Erth      12%        N/A       45%         4
 Olgreb's Toxic Radiance  Pois           3%         N/A       83%         4
 Irradiate                Conj/Tmut      4%         3d15      92%         5
 Blade Hands              Tmut           3%         N/A       95%         5
 Dragon Form              Tmut           3%         N/A       100%        7


Dungeon Overview and Level Annotations

Branches:
Dungeon (4/15)
 Temple: D:4-7

Altars:
Kikubaaqudgha
Qazlal


Innate Abilities, Weirdness & Mutations

You have a pair of small horns on your head.
Your demonic aura sometimes causes spilled blood to erupt in flames.
You are mostly covered in sharp spines.
Your touch may inflict minor irresistible damage on your foes.


Message History

Unknown command.
Unknown command.
Unknown command.
Casting: Sandblast (safe; 2% risk of failure)
Confirm with . or Enter, or press ? or * to list all spells.
Aiming: Sandblast (safe; 2% risk of failure)
Press: ? - help, Shift-Dir - straight line, f - yak
Aim: a yak (heavily wounded, poisoned, 87% to hit)
The blast of sand hits something!
Reactivating autopickup.
You feel a bit more experienced.
Your Fighting skill increases to level 5!
Unknown command.
Unknown command.
A necrophage comes into view.
Unknown command.
Unknown command.
There is an escape hatch in the floor here.
Unknown command.
The necrophage misses you.
Unknown command.
The necrophage is struck by your spines.
The necrophage hits you.
* * * LOW HITPOINT WARNING * * *
You feel drained.
Unknown command.
Unknown command.
The yak gores you!
* * * LOW HITPOINT WARNING * * *
There is an open door, spattered with blood here.
Unknown command.
Unknown command.
Okay, then.
Unknown command.
The yak looks more healthy.
There is a stone staircase leading up here.
Unknown command.
Unknown command.
The yak gores you!
You die...

###)#).....######.......####.####
...#......#######'#.##..........
.................n.).........####
.#.##...........##.#.........#
... ............Y#.#########.#
....###...######.#.# #.# .."
.........n#.# #(# ..######Y#.#
#.# .......@#.# #.# .######.#.#
#.# #.#.# #.# ..#.# #.# ###.# #.#
#.# #.# #.# #.# #.# #.# #.# #.#


You could see 2 yaks and a necrophage.

Vanquished Creatures
  3 yaks (D:4)
  An ogre (D:2)
  Crazy Yiuf (D:2)
  3 orc wizards (D:4)
  A hound skeleton (D:4)
  3 adders
  A gnoll (D:1)
  2 worms (D:2)
  A dart slug (D:1)
  15 orcs
  2 ball pythons
  6 endoplasms
  3 giant cockroaches
  2 goblins
  9 hobgoblins
  3 jackals (D:1)
  9 kobolds
  4 quokkas
  6 bats
  4 frilled lizards
  8 rats
87 creatures vanquished.

Notes
Turn   | Place    | Note
-------+----------+-------------------------------------------
     0 | D:1      | protoss039 the Demonspawn Earth Elementalist began the
                  | quest for the Orb.
     0 | D:1      | Reached XP level 1. HP: 13/13 MP: 3/3
    83 | D:1      | Reached skill level 1 in Transmutations
   447 | D:1      | Gained mutation: You are partially covered in sharp spines.
                  | [demonic ancestry]
   447 | D:1      | Reached XP level 2. HP: 20/20 MP: 1/5
   524 | D:1      | Reached skill level 1 in Fighting
  1041 | D:1      | Gained mutation: You are mostly covered in sharp spines.
                  | [demonic ancestry]
  1041 | D:1      | Reached XP level 3. HP: 26/26 MP: 6/6
  1417 | D:2      | Noticed an ogre
  1417 | D:2      | Found a faded altar of an unknown god.
  1424 | D:2      | Killed an ogre
  1425 | D:2      | Reached skill level 2 in Fighting
  1425 | D:2      | Reached skill level 1 in Armour
  1425 | D:2      | Gained mutation: Your demonic aura sometimes causes spilled
                  | blood to erupt in flames. [demonic ancestry]
  1425 | D:2      | Reached XP level 4. HP: 12/34 MP: 0/8
  1882 | D:2      | Reached XP level 5. HP: 35/40 MP: 9/9
  1989 | D:2      | Learned a level 2 spell: Passwall
  1993 | D:2      | Learned a level 3 spell: Stone Arrow
  2168 | D:2      | Found a runed translucent door.
  2169 | D:2      | Noticed Crazy Yiuf
  2277 | D:2      | Killed Crazy Yiuf
  2278 | D:2      | Reached skill level 3 in Fighting
  3386 | D:3      | Found an ancient bone altar of Kikubaaqudgha.
  3419 | D:3      | Found a stormy altar of Qazlal.
  3787 | D:4      | Discovered your monstrous ancestry.
  3787 | D:4      | Gained mutation: You have a pair of small horns on your
                  | head. [demonic ancestry]
  3787 | D:4      | Reached XP level 6. HP: 35/48 MP: 10/10
  3788 | D:4      | Reached skill level 1 in Conjurations
  3788 | D:4      | Noticed a yak
  3790 | D:4      | Noticed a yak
  3793 | D:4      | Noticed a yak
  3795 | D:4      | Killed a yak
  3795 | D:4      | Noticed a yak
  3796 | D:4      | Reached skill level 4 in Fighting
  3797 | D:4      | Noticed a yak
  3801 | D:4      | Killed a yak
  3802 | D:4      | Gained mutation: Your touch may inflict minor irresistible
                  | damage on your foes. [demonic ancestry]
  3802 | D:4      | Reached XP level 7. HP: 24/55 MP: 10/12
  3802 | D:4      | Killed a yak
  3810 | D:4      | Reached skill level 5 in Fighting
  3817 | D:4      | HP: 2/55 [yak (10)]
  3826 | D:4      | Mangled by a yak

Illustrated notes

Levels and vault maps discovered:
D:1:      tarquinn_simple_flora_water_f, layout_basic, kennysheep_another_room
D:2:      layout_rooms, ebering_ecumenical_altar_webs, uniq_crazy_yiuf_cottage
D:3:      layout_loops_cross, mainiacjoe_overflow_two_lobes
D:4:      layout_basic, okawaru_metal_pillars_1_2,
          minmay_temple_entry_junction_2

Skill      XL: |  1  2  3  4  5  6  7 |
---------------+----------------------+-----
Transmutations | 1 |  1.0
Fighting       | 1 2 3 4 5 |  5.0
Earth Magic    | 3 4 |  4.1
Armour         | 1 2 |  2.9
Spellcasting   | 3 |  3.9
Conjurations   | 2 |  2.0
Dodging        | |  1.7
Stealth        | |  1.7

Action                   |  1- 3 |  4- 6 |  7- 9 || total
-------------------------+-------+-------+-------++-------
Melee: Unarmed           |    43 |       |       ||    43
       Dagger            |    19 |    42 |       ||    61
       Punch             |       |     1 |       ||     1
       Hand axe          |       |    25 |     2 ||    27
       Trident           |       |     4 |       ||     4
       Headbutt          |       |     5 |       ||     5
       Touch             |       |       |     1 ||     1
 Cast: Sandblast         |    30 |    20 |     1 ||    51
       Stone Arrow       |       |     1 |       ||     1
 Stab: Sleeping          |     2 |     2 |       ||     4
Armor: Robe              |    24 |    13 |       ||    37
Dodge: Dodged            |    65 |    36 |     2 ||   103
